cohdb
Replays
Latest Replays
All Replays
Popular Replays
Top Player Replays
Match Explorer
How It Works
Community
CoH3 Stats
Reddit
Sign in to upload your games and track your stats! →
Sign in with Steam
Match 37884929
Unlisted
Match 37884929
Overview
Messages
Build Orders
End
Construct Barracks
Riflemen Squad
Riflemen Squad
Riflemen Squad
Grenade Package
Riflemen Squad
Air Support Center
Air Supply
Grasshopper Recon Run
P-47 Strafing Run
Advanced Air Reconnaissance
Selects Armored Battlegroup
Selects Strength in Steel
Riflemen Squad
P-47 Strafing Run
P-47 Dive Bomb
Grasshopper High-Altitude Recon Run
Double Sortie
P-47 Strafing Run
P-47 Dive Bomb
Construct Motor Pool
Selects Veteran Crews
Grasshopper High-Altitude Recon Run
Riflemen Squad
P-47 Strafing Run
M1918 Browning Automatic Rifles
Grasshopper High-Altitude Recon Run
P-47 Strafing Run
P-47 Dive Bomb
Grasshopper High-Altitude Recon Run
Selects M8 Scott SPG
P-47 Strafing Run
M8 Scott SPG
Grasshopper High-Altitude Recon Run
Honey
khj
Zebra
kpudk
埃里希·冯·曼施坦因
cowald
帝国师-大护法
sharky
0
0
Comments
sign in to comment!
No comments posted yet!